 Dungeon Crawl Stone Soup version 0.28.0-53-g5a82cb258f (webtiles) character file.

Game seed: 11327912585939605215

18 Descartes the Grasshopper (level 2, -1/22 HPs)
             Began as a Formicid Warper on Aug 13, 2022.
             Succumbed to an adder's poison
             ... on level 2 of the Dungeon.
             The game lasted 00:02:21 (1364 turns).

Descartes the Grasshopper (Formicid Warper)         Turns: 1364, Time: 00:02:22

Health: -1/22      AC:  3    Str: 15    XL:     2   Next: 90%
Magic:  5/5        EV: 11    Int: 12    God:
Gold:   43         SH:  0    Dex: 10    Spells: 5/5 levels left

rFire   . . .      SeeInvis +   a - +0 hand axe
rCold   . . .      Faith    .   (no shield)
rNeg    . . .      Spirit   .   b - +0 leather armour
rPois   .          Reflect  .   (helmet unavailable)
rElec   .          Harm     .   (no cloak)
rCorr   .          Rampage  .   (no gloves)
Will    .....                   (no boots)
Stlth   +.........              (no amulet)
HPRegen 0.07/turn               (no ring)
MPRegen 0.09/turn               (no ring)

@: lethally poisoned (-1 -> -8)
A: permanent stasis, dig shafts and tunnels, antennae 3, four strong arms
a: Dig, Shaft Self


You were on level 2 of the Dungeon.
You visited 1 branch of the dungeon, and saw 2 of its levels.

You collected 43 gold pieces.

Inventory:

Hand Weapons
 a - a +0 hand axe (weapon)
Missiles
 c - 5 boomerangs of dispersal (quivered)
 h - 12 stones
Armour
 b - a +0 leather armour (worn)
Scrolls
 j - a scroll of fear {unknown}
 k - a scroll of enchant weapon {unknown}
Potions
 d - 2 potions of curing {unknown}
 e - a potion of mutation {unknown}
 f - a potion of attraction {unknown}
 g - a potion of haste {unknown}
 i - a potion of heal wounds {unknown}
 l - a potion of berserk rage {unknown}


   Skills:
 - Level 2.1 Fighting
 * Level 2.3 Axes
 + Level 0.2(1.4) Maces & Flails
 + Level 0.1(1.3) Polearms
 - Level 1.0 Throwing
 * Level 1.7 Armour
 - Level 1.7 Dodging
 * Level 1.1 Shields
 - Level 2.1 Spellcasting
 + Level 2.8 Translocations


You had 5 spell levels left.
You didn't know any spells.
Your spell library contained the following spells:

 Spells                   Type           Power      Damage    Failure   Level
 Gell's Gravitas          Tloc           8%         N/A       30%         3
 Lesser Beckoning         Tloc           8%         N/A       30%         3
 Teleport Other           Tloc           8%         N/A       30%         3
 Manifold Assault         Tloc           8%         N/A       95%         5
 Summon Lightning Spire   Summ/Air       1%         N/A       97%         4
 Storm Form               Tmut/Air       0%         N/A       100%        7
 Maxwell's Capacitive Co  Air            0%         ∞         100%        8
 Blink                    Tloc           Unusable   N/A       N/A         2

Dungeon Overview and Level Annotations

Branches:
Dungeon (2/15)

Altars:


Innate Abilities, Weirdness & Mutations

You cannot be hasted, slowed, berserked, paralysed or teleported.
You can dig through walls and to a lower floor.
You have a pair of large antennae on your head. (SInv)
Your four strong arms can wield two-handed weapons with a shield.


Message History

You are too injured to fight recklessly!
You are too injured to fight recklessly!
You are too injured to fight recklessly!
You are too injured to fight recklessly!
You are too injured to fight recklessly!
You are too injured to fight recklessly!
You are too injured to fight recklessly!
You are too injured to fight recklessly!
You are too injured to fight recklessly!
You miss the adder.
The adder is severely wounded.
You feel sick. The adder bites you.
* * * LOW HITPOINT WARNING * * *
The adder misses you.
You closely miss the adder.
The adder is severely wounded.
You feel sick. The adder misses you. The adder closely misses you.
You hit the adder.
The adder is severely wounded.
You feel sick. The adder barely misses you.
You closely miss the adder.
The adder is severely wounded.
You feel sick. The adder barely misses you. The adder closely misses you.
You miss the adder.
The adder is severely wounded.
You feel sick.
You are no longer poisoned.
The adder barely misses you.
You closely miss the adder.
The adder is severely wounded.
The adder closely misses you. The adder barely misses you.
You barely miss the adder.
The adder is severely wounded.
The adder bites you.
* * * LOW HITPOINT WARNING * * *
You are lethally poisoned!
The adder poisons you!
You hit the adder.
The adder is almost dead.
You die...

##.## #...# ##.#.
#...# #....
#.<.###...#
#........#
#........#
#........# ###
#.†......###.....
#........@SS.#
#........###.....
#........# ###
####.....#
#.....# ##.####
#.# ..# #.##


You could see an adder and a ball python.

Vanquished Creatures
  A bat (D:2)
  3 endoplasms (D:1)
  3 giant cockroaches
  A goblin (D:1)
  A hobgoblin (D:1)
  A quokka (D:1)
  3 ball pythons (D:1)
  2 frilled lizards (D:1)
  A kobold (D:1)
16 creatures vanquished.

Notes
Turn   | Place    | Note
-------+----------+-------------------------------------------
     0 | D:1      | Descartes the Formicid Warper began the quest for the Orb.
     0 | D:1      | Reached XP level 1. HP: 16/16 MP: 3/3
   402 | D:1      | Found a faded altar of an unknown god.
   447 | D:1      | Reached XP level 2. HP: 10/22 MP: 5/5
  1256 | D:1      | Reached skill level 1 in Shields
  1363 | D:2      | HP: 1/22 [adder (2)]
  1364 | D:2      | Succumbed to an adder's poison

Illustrated notes

Levels and vault maps discovered:
D:1:      lightli_iron_boxes, layout_loops_ring, ebering_ecumenical_altar_box
D:2:      layout_rooms, uniq_natasha

Skill      XL: |  1  2 |
---------------+-------+-----
Shields        | 1 |  1.1
Fighting       | |  2.1
Axes           | |  2.3
Maces & Flails | |  0.2
Polearms       | |  0.1
Throwing       | |  1.0
Armour         | |  1.7
Dodging        | |  1.7
Spellcasting   | |  2.1
Translocations | |  2.8

Action                   || total
-------------------------++-------
Melee: Hand axe          ||    61
       Punch             ||     1
Armor: Leather armour    ||    16
Dodge: Dodged            ||    39
